 Dungeon Crawl Stone Soup version 0.26-a0-597-gb535b0901c (webtiles) character file.

Game seed: 14888042963677136329

7658 Flugslaktarn the Fighter (level 10, -9/144 HPs)
             Began as a Minotaur Fighter on Sept 13, 2020.
             Was a Priest of Makhleb.
             Mangled by a polar bear (21 damage)
             ... on level 11 of the Dungeon.
             The game lasted 00:05:22 (10813 turns).

Flugslaktarn the Fighter (Minotaur Fighter)        Turns: 10813, Time: 00:05:23

Health: -9/144     AC: 25    Str: 20    XL:     10   Next: 99%
Magic:  13/13      EV:  2    Int:  8    God:    Makhleb [***...]
Gold:   575        SH: 17    Dex: 17    Spells: 9/9 levels left

rFire    . . .     SeeInvis +   a - +0 war axe
rCold    . . .     Faith    .   c - +0 kite shield
rNeg     + + +     Spirit   .   (armour currently unavailable)
rPois    +         Reflect  +   (helmet currently unavailable)
rElec    .         Harm     .   (cloak currently unavailable)
rCorr    .         NoTele   +   (gloves currently unavailable)
MR       .....                  (boots currently unavailable)
Stlth    ++........             e - amulet of reflection
HPRegen  0.34/turn              m - +6 ring of dexterity
MPRegen  0.13/turn              i - ring of see invisible

@: tree-form
A: (retaliatory headbutt)
a: Minor Destruction, Lesser Servant of Makhleb, Renounce Religion


You were on level 11 of the Dungeon.
You worshipped Makhleb.
Makhleb was most pleased with you.
You were a tree.
You visited 2 branches of the dungeon, and saw 12 of its levels.

You collected 575 gold pieces.

Inventory:

Hand Weapons
 a - a +0 war axe (weapon)
Armour
 c - a +0 kite shield (worn)
 f - a +0 pair of gloves (melded)
   (You found it on level 2 of the Dungeon)
 u - a +0 plate armour (melded)
   (You found it on level 5 of the Dungeon)
Jewellery
 e - an amulet of reflection (around neck)
   (You found it on level 5 of the Dungeon)
 i - a ring of see invisible (right branch)
   (You found it on level 2 of the Dungeon)
 m - a +6 ring of dexterity (left branch)
   (You found it on level 9 of the Dungeon)
 p - an uncursed ring of stealth {unknown}
   (You found it on level 11 of the Dungeon)
Wands
 A - a wand of enslavement (11)
   (You found it on level 7 of the Dungeon)
Scrolls
 l - a scroll of holy word
 n - 2 scrolls of magic mapping
 r - a scroll of identify
 t - 2 scrolls of teleportation
 z - 2 scrolls of blinking
Potions
 b - a potion of ambrosia
 d - 2 potions of might
 g - a potion of stabbing
 h - a potion of haste
 j - 2 potions of lignification
 k - a potion of magic
 o - a potion of berserk rage
 q - 2 potions of curing
 s - 3 potions of flight
 v - 3 potions of mutation
 w - a potion of heal wounds
 y - 2 potions of brilliance
 B - a potion of invisibility
Miscellaneous
 F - a condenser vane (2/2)
   (You found it on level 9 of the Dungeon)


   Skills:
 * Level 11.4 Fighting
 * Level 11.0 Axes
 + Level 8.4 Armour
 + Level 8.6 Shields
 + Level 5.6 Invocations
 + Level 1.7 Evocations


You had 9 spell levels left.
You didn't know any spells.
Your spell library was empty.

Dungeon Overview and Level Annotations

Branches:
Dungeon (11/15)            Temple (1/1) D:4            Lair (0/6) D:8
    Orc: D:9-12

Altars:
Ashenzari
Cheibriados
Dithmenos
Elyvilon
Fedhas
Gozag
Hepliaklqana
Kikubaaqudgha
Makhleb
Okawaru
Qazlal
Ru
Sif Muna
Trog
Uskayaw
Vehumet
Wu Jian
Xom
Yredelemnul
Zin
The Shining One

Shops:
D:4 ?   D:6 :   D:10 (

Annotations:
D:6 1 exclusion


Innate Abilities, Weirdness & Mutations

((You reflexively headbutt those who attack you in melee.))
((You have a pair of horns on your head.))


Message History

* * * LOW HITPOINT WARNING * * *
You suddenly lose the ability to move!
The polar bear bites you!
* * * LOW HITPOINT WARNING * * *
The polar bear claws you but does no damage.
The polar bear claws you.
* * * LOW HITPOINT WARNING * * *
The hornet completely misses you. The polar bear barely misses you.
The polar bear claws you but does no damage. x2
You can move again.
You barely miss the hornet.
You hit the polar bear but do no damage.
The hornet stings you but does no damage.
You block the polar bear's attack. x2
The polar bear claws you but does no damage.
The hornet barely misses you.
You closely miss the hornet.
You hit the polar bear but do no damage.
The polar bear bites you!!
You die...

............#
.......<....#
<..........)#
............#
............######
..................
..................
######..##########
#.♣# #yh# #5Y#
#.n########
#####..........
........>......
######..#######
#..# #...


You could see a polar bear (berserk), a hornet, an ice beast, a necrophage and a
white imp.

Vanquished Creatures
  A two-headed ogre (D:9)
  2 death yaks (D:8)
  A troll (D:10)
  A meliai zombie (D:10)
  4 yaks (D:9)
  2 vampires
  2 steam dragons
  A porcupine (D:8)
  2 sky beasts
  3 orc warriors
  2 phantoms
  2 ice beasts
  6 ogres
  3 centaurs
  A crocodile (D:7)
  2 big kobolds (D:10)
  4 bullfrogs
  A wyvern zombie (D:6)
  A scorpion (D:5)
  9 killer bees
  7 wights
  4 jellies
  7 hounds
  10 orc priests
  5 orc wizards
  A centaur skeleton (D:4)
  2 bullfrog skeletons
  3 iguanas
  5 worker ants
  A hell rat (D:8)
  A hound zombie (D:9)
  11 adders
  3 gnolls
  A river rat (D:8)
  2 shadow imps
  5 white imps
  4 ufetubi
  A worm (D:3)
  A dart slug (D:1)
  3 leopard geckos
  34 orcs
  A giant cockroach (D:3)
  2 goblins
  A hobgoblin (D:3)
  6 jackals
  4 quokkas
  4 bats
  2 frilled lizards
  12 kobolds
  A leopard gecko zombie (D:5)
  A quokka zombie (D:8)
  3 rats
198 creatures vanquished.

Vanquished Creatures (others)
  2 plants (D:6)
2 creatures vanquished.

Grand Total: 200 creatures vanquished

Notes
Turn   | Place    | Note
-------+----------+-------------------------------------------
     0 | D:1      | Flugslaktarn the Minotaur Fighter began the quest for the
                  | Orb.
     0 | D:1      | Reached XP level 1. HP: 19/19 MP: 0/0
   145 | D:1      | Reached XP level 2. HP: 27/27 MP: 1/1
   324 | D:2      | Reached XP level 3. HP: 31/34 MP: 2/2
   467 | D:3      | Noticed a bullfrog
   472 | D:3      | Killed a bullfrog
   472 | D:3      | Reached XP level 4. HP: 17/41 MP: 3/3
   722 | D:3      | Reached XP level 5. HP: 43/47 MP: 4/4
   929 | D:3      | Reached skill level 5 in Fighting
  1130 | D:4      | Found Fybiapewk's Magic Scroll Emporium.
  1134 | D:4      | Noticed a phantom
  1153 | D:4      | Killed a phantom
  1153 | D:4      | Reached XP level 6. HP: 46/56 MP: 5/5
  1242 | D:4      | Found a white marble altar of Elyvilon.
  1505 | D:4      | Found a staircase to the Ecumenical Temple.
  1663 | Temple   | Entered the Ecumenical Temple
  1874 | Temple   | Became a worshipper of Makhleb the Destroyer
  1919 | D:5      | Entered Level 5 of the Dungeon
  1919 | D:5      | Noticed an ice beast
  1924 | D:5      | Killed an ice beast
  1924 | D:5      | Reached skill level 5 in Axes
  2278 | D:5      | Reached skill level 5 in Shields
  2283 | D:5      | Found a sacrificial altar of Ru.
  2289 | D:5      | Reached skill level 5 in Armour
  2448 | D:5      | Found an iron altar of Okawaru.
  2465 | D:5      | Reached XP level 7. HP: 63/63 MP: 6/6
  2692 | D:5      | Reached skill level 1 in Invocations
  3173 | D:6      | Reached * piety under Makhleb
  3201 | D:6      | Reached XP level 8. HP: 70/73 MP: 8/8
  3467 | D:6      | Found an ornate altar of the Wu Jian Council.
  3469 | D:6      | Found a glowing golden altar of the Shining One.
  4026 | D:6      | Found a blossoming altar of Fedhas.
  4213 | D:6      | Found Ceoptem's Book Shop.
  5861 | D:7      | Found a shattered altar of Ashenzari.
  5913 | D:7      | Reached XP level 9. HP: 60/82 MP: 10/10
  6462 | D:8      | Noticed a death yak
  6467 | D:8      | Noticed a death yak
  6470 | D:8      | Noticed a death yak
  6961 | D:8      | Reached ** piety under Makhleb
  6994 | D:8      | Found a radiant altar of Vehumet.
  7583 | D:8      | Found a staircase to the Lair.
  7610 | D:8      | Killed a death yak
  7623 | D:8      | Killed a death yak
  7623 | D:8      | Reached skill level 10 in Fighting
  7633 | D:8      | Reached XP level 10. HP: 33/93 MP: 12/12
  8452 | D:9      | Noticed a two-headed ogre
  8464 | D:9      | Killed a two-headed ogre
  8464 | D:9      | Reached skill level 10 in Axes
  8464 | D:9      | Reached skill level 5 in Invocations
  8987 | D:9      | Found an iron altar of Okawaru.
  9178 | D:10     | Entered Level 10 of the Dungeon
  9193 | D:10     | Reached skill level 1 in Evocations
  9276 | D:10     | Reached *** piety under Makhleb
  9509 | D:10     | Found Bexuetam's Weapon Emporium.
 10810 | D:11     | Paralysed by a hornet for 2 turns
 10813 | D:11     | Mangled by a polar bear

Illustrated notes

Levels and vault maps discovered:
D:1:      minmay_arrival_arboretum_small, layout_basic, minmay_statues_item
D:2:      layout_loops_corners, marbit_many_paths
D:3:      layout_basic, gammafunk_ghost_grave
D:4:      layout_loops_ring, overflow_temple_1_default,
          minmay_temple_entry_enclosed_plants, serial_shops, shop
D:5:      layout_cave_pools, lemuel_round_altar, basic_altar
D:6:      cheibrodos_two_vegetables, layout_basic, lemuel_round_altar,
          chequers_temple_overflow_statue_of_worship, serial_shops,
          shop_fountains
D:7:      layout_basic, lemuel_coloured_pillars_altar, serial_co_window_serial,
          co_window_paths_a, co_window_of_opportunity_a, co_window_paths_a,
          co_window_paths_a, co_window_corner_a, co_window_of_opportunity_b,
          co_window_2corner, co_window_unsneaky_path_c, co_window_2corner,
          co_window_corner_b, co_window_of_opportunity_b, glass_columns_a,
          glass_columns_a, glass_columns_a, corner_web_ring
D:8:      layout_basic, vehumet_crystals, dpeg_lair_monsters
D:9:      layout_roguey, okawaru_gym_becter
D:10:     layout_stronghold, serial_shops, shop
D:11:     layout_long_grid, david_orc_2, serial_ice, serial_ice_f, serial_ice_j,
          serial_ice_d, serial_ice_e, portal_ice_cave_entry_ice_beasts,
          uniq_sonja, uniq_grum, uniq_harold, uniq_snorg
Temple:   nicolae_temple_figure_eight

Skill      XL: |  1  2  3  4  5  6  7  8  9 10 |
---------------+-------------------------------+-----
Fighting       | 4 5 6 7 8 10 11 | 11.4
Axes           | 3 4 5 6 8 9 11 | 11.0
Armour         | 4 5 6 7 8 |  8.4
Shields        | 4 5 6 7 8 |  8.6
Invocations    | 1 3 4 5 |  5.6
Evocations     | 1 |  1.7

Action                   |  1- 3 |  4- 6 |  7- 9 | 10-12 || total
-------------------------+-------+-------+-------+-------++-------
Melee: War axe           |    48 |    86 |   287 |   249 ||   670
       Headbutt          |     9 |    10 |    39 |    59 ||   117
  Use: Scroll            |       |       |    17 |     5 ||    22
       Potion            |       |       |     2 |     3 ||     5
Armor: Scale mail        |    26 |    38 |    10 |       ||    74
       Plate armour      |       |       |   132 |    98 ||   230
       Skin              |       |       |     6 |    25 ||    31
Dodge: Dodged            |    12 |    22 |    45 |    45 ||   124
Block: Kite shield       |    25 |    48 |   192 |   238 ||   503
       Reflection        |       |       |       |    11 ||    11

Table legend: (Time is in decaauts)
 A = Elapsed time spent in this place.
 B = Non-inter-level travel time spent in this place.
 C = Inter-level travel time spent in this place.
 D = Time resting spent in this place.
 E = Time spent auto-exploring this place.
 F = Levels seen in this place.
 G = Mean time per level.
                   A        B        C        D        E       F      G
               +--------+--------+--------+--------+--------+-----+--------+
         Total |  10925 |  10636 |    289 |   1494 |   7655 |  12 |  910.4 |
       Dungeon |  10693 |  10451 |    242 |   1494 |   7474 |  11 |  972.1 |
        Temple |    232 |    185 |     47 |      0 |    181 |   1 |  232.0 |
               +--------+--------+--------+--------+--------+-----+--------+

Top non-repeatable levels by time:
     D:7: 2579 daAuts
    D:10: 1592 daAuts
     D:8: 1401 daAuts
     D:6: 1336 daAuts
     D:4: 934 daAuts
     D:5: 929 daAuts
     D:9: 894 daAuts
     D:3: 498 daAuts
     D:2: 324 daAuts
  Temple: 232 daAuts
     D:1: 157 daAuts
    D:11: 43 daAuts
